 Dungeon Crawl Stone Soup version 0.30-a0-585-g93115170b9 (webtiles) character file.

Game seed: 17376920279288828978

13923 bmack86 the Cleaver (level 11, 0/101 HPs)
             Began as a Minotaur Fighter on Jan 2, 2023.
             Was a High Priest of Okawaru.
             Slain by a death yak (6 damage)
             ... on level 1 of the Lair of Beasts.
             The game lasted 00:23:46 (9822 turns).

bmack86 the Cleaver (Minotaur Fighter)              Turns: 9822, Time: 00:23:47

Health: 0/101      AC: 22    Str: 26    XL:     11   Next: 81%
Magic:  9/10       EV:  7    Int:  5    God:    Okawaru [*****.]
Gold:   1209       SH:  6    Dex:  9    Spells: 10/10 levels left

rFire   x . .      SeeInvis .    a - +2 broad axe (flame)
rCold   + . .      Faith    .    c - +0 buckler
rNeg    . . .      Spirit   .    n - +1 plate armour
rPois   .          Reflect  .    G - +0 hat
rElec   .          Harm     +    f - scarf {harm}
rCorr   +          Rampage  .    j - +2 pair of gloves
Will    .....                    g - +2 pair of boots Stlth
                                 i - amulet of the acrobat
HPRegen 0.36/turn                p - ring of ice
MPRegen 0.12/turn                q - ring of resist corrosion

@: no status effects
A: horns 2, retaliatory headbutt
a: Renounce Religion, Heroism, Finesse, Duel


You were on level 1 of the Lair of Beasts.
You worshipped Okawaru.
Okawaru was extremely pleased with you.
You visited 3 branches of the dungeon, and saw 12 of its levels.

You collected 1310 gold pieces.
You spent 101 gold pieces at shops.

Inventory:

Hand Weapons
 a - a +2 broad axe of flaming (weapon)
 o - a +4 war axe
 D - a +3 battleaxe
Missiles
 u - 8 boomerangs (quivered)
 x - 29 poisoned darts
Armour
 c - a +0 buckler (worn)
 f - a scarf of harm (worn)
 g - a +2 pair of boots (worn)
 j - a +2 pair of gloves (worn)
 n - a +1 plate armour (worn)
 y - a +0 cloak
 G - a +0 hat (worn)
Jewellery
 i - an amulet of the acrobat (around neck)
 p - a ring of ice (left hand)
 q - a ring of resist corrosion (right hand)
 E - a +6 ring of strength
Wands
 A - a wand of iceblast (9)
 C - a wand of paralysis (4)
Scrolls
 k - 5 scrolls of teleportation
 l - a scroll of identify
 r - a scroll of amnesia
 t - a scroll of silence
 F - a scroll of vulnerability
Potions
 b - a potion of berserk rage
 d - 3 potions of might
 e - 4 potions of flight
 h - 2 potions of mutation
 m - a potion of curing
 s - 2 potions of lignification
 v - 2 potions of brilliance
 w - 2 potions of magic
 z - 3 potions of haste
 B - 2 potions of heal wounds


   Skills:
 + Level 10.3 Fighting
 * Level 13.7 Axes
 + Level 7.1 Throwing
 + Level 10.3 Armour
 + Level 10.2 Shields


You had 10 spell levels left.
You didn't know any spells.
Your spell library contained the following spells:

 Spells                   Type           Power      Damage    Failure   Level
 Magic Dart               Conj           0%         1d3       99%         1
 Necrotise                Necr           0%         1d4       99%         1
 Shock                    Conj/Air       0%         1d3       99%         1
 Scorch                   Fire           0%         2d5       100%        2
 Searing Ray              Conj           0%         2d4       100%        2
 Gell's Gravitas          Tloc           0%         N/A       100%        3
 Lesser Beckoning         Tloc           0%         N/A       100%        3
 Swiftness                Air            0%         N/A       100%        3
 Teleport Other           Tloc           0%         N/A       100%        3
 Vampiric Draining        Necr           0%         2d6       100%        3
 Airstrike                Air            0%         2d(0-16)  100%        4
 Anguish                  Hex/Necr       0%         N/A       100%        4
 Flame Wave               Conj/Fire      0%         2d4       100%        4
 Fulminant Prism          Conj/Hex       0%         3d5       100%        4
 Agony                    Necr           0%         N/A       100%        5
 Enfeeble                 Hex            0%         N/A       100%        7
 Summon Cactus Giant      Summ           Unusable   N/A       N/A         6

Dungeon Overview and Level Annotations

Branches:
Dungeon (10/15)            Temple (1/1) D:7            Lair (1/5) D:9
    Orc: D:9-12

Altars:
Cheibriados
Dithmenos
Elyvilon
Fedhas
Gozag
Kikubaaqudgha
Makhleb
Okawaru
Qazlal
Ru
Sif Muna
Trog
Uskayaw
Vehumet
Wu Jian
Xom
Yredelemnul
Zin
The Shining One

Shops:
D:4 (   D:6 [   D:7 =   D:9 [


Innate Abilities, Weirdness & Mutations

You have a pair of horns on your head.
You reflexively headbutt those who attack you in melee.


Message History

You hit the death yak but do no damage.
The blink frog hits you but does no damage.
Your base Throwing skill increases to level 7!
You completely miss the death yak.
The death yak is almost dead.
You slash the death yak! You burn the death yak. You hit the blink frog.
You burn the blink frog. You hit the death yak. You burn the death yak.
You slice the blink frog!! You burn the blink frog!
You kill the blink frog!
Okawaru accepts your kill. The death yak gores you.
* * * LOW HITPOINT WARNING * * *
The death yak gores you but does no damage.
The death yak gores you.
* * * LOW HITPOINT WARNING * * *
The blink frog hits you but does no damage.
You slice the death yak!! You burn the death yak.
You kill the death yak!
Okawaru is honoured by your kill.
You barely miss the death yak. You miss the blink frog.
You slash the death yak! You burn the death yak. You closely miss the yak.
You feel like a meek peon again. The yak gores you.
* * * LOW HITPOINT WARNING * * *
The death yak gores you.
* * * LOW HITPOINT WARNING * * *
The death yak completely misses you. You furiously retaliate!
You headbutt the death yak!
The blink frog blinks!
The death yak attacks as you move away!
The death yak gores you but does no damage.
The blink frog misses you.
The blink frog blinks! x2
The yak gores you but does no damage. The death yak closely misses you.
You barely miss the death yak.
The death yak is moderately wounded.
You slash the yak! You burn the yak! You hit the death yak but do no damage.
You barely miss the bullfrog. The yak gores you but does no damage.
The death yak gores you.
* * * LOW HITPOINT WARNING * * *
The death yak gores you.
You die...

##.## ##...# ##
#....## #..
#.....# #...
##....## #....
#.....# #..8..
##....##
#......
#...†.##F..§...
##....#@YFYY#..
##..#.YY8..F..
####.†...##..
#......#
#.....##
##...## .....
...... .......


You could see 2 death yaks, 3 yaks, 2 blink frogs and a bullfrog.

Vanquished Creatures
  Gastronok (Lair:1)
  2 death yaks (Lair:1)
  A two-headed ogre (D:9)
  Maurice (D:10)
  A black mamba (Lair:1)
  A gargoyle (D:10)
  Maggie (D:8)
  A rime drake (Lair:1)
  A kobold demonologist (D:10)
  A komodo dragon (Lair:1)
  2 trolls
  A hornet (D:8)
  A blink frog (Lair:1)
  A slime creature (D:7)
  A wraith (D:7)
  A wyvern (Lair:1)
  A vampire (D:10)
  3 steam dragons
  5 yaks (Lair:1)
  4 vampire mosquitoes (D:10)
  A water moccasin (Lair:1)
  4 orc warriors
  3 black bears
  A sky beast (D:7)
  2 ogres (D:6)
  11 wolves (Lair:1)
  6 centaurs
  5 kobold brigands
  The ghost of sirJeffrey23 the Conjurer, an amateur DECj (D:3)
  9 bullfrogs
  A scorpion (D:6)
  2 gnoll sergeants
  2 necrophages
  19 wights
  11 killer bees
  6 howler monkeys
  2 hounds (D:5)
  2 jellies
  5 orc priests
  Crazy Yiuf (D:7)
  8 orc wizards
  9 gnolls
  9 adders
  A shadow imp (D:8)
  2 white imps
  An ufetubus (D:6)
  2 worms
  20 orcs
  6 bats
  10 endoplasms
  6 giant cockroaches
  9 goblins
  4 hobgoblins
  A jackal (D:5)
  6 quokkas
  8 ball pythons
  A frilled lizard (D:3)
  16 kobolds
  9 rats
253 creatures vanquished.

Vanquished Creatures (others)
  An orc (D:10)
  8 fungi
  14 plants
23 creatures vanquished.

Grand Total: 276 creatures vanquished

Notes
Turn   | Place    | Note
-------+----------+-------------------------------------------
     0 | D:1      | bmack86 the Minotaur Fighter began the quest for the Orb.
     0 | D:1      | Reached XP level 1. HP: 19/19 MP: 0/0
    77 | D:1      | Reached XP level 2. HP: 27/27 MP: 1/1
   116 | D:1      | Reached skill level 3 in Axes
   201 | D:1      | Found a faded altar of an unknown god.
   311 | D:1      | Reached XP level 3. HP: 32/33 MP: 2/2
  1682 | D:3      | Found a runed translucent gate.
  1683 | D:3      | Found a runed translucent gate.
  1684 | D:3      | Found a runed translucent gate.
  1686 | D:3      | Noticed sirJeffrey23's ghost (amateur DECj)
  1745 | D:3      | Reached XP level 4. HP: 40/40 MP: 3/3
  1903 | D:3      | Reached skill level 4 in Axes
  1909 | D:3      | Reached XP level 5. HP: 28/47 MP: 4/4
  1922 | D:3      | Reached skill level 5 in Axes
  1926 | D:3      | Reached XP level 6. HP: 17/55 MP: 5/5
  2188 | D:3      | Reached skill level 5 in Fighting
  2605 | D:3      | Killed sirJeffrey23's ghost
  2606 | D:3      | Reached skill level 5 in Armour
  2606 | D:3      | Reached skill level 5 in Shields
  2809 | D:4      | Found Faitz's Weapon Boutique.
  2832 | D:4      | Bought a +0 broad axe of flaming for 101 gold pieces
  3037 | D:5      | Entered Level 5 of the Dungeon
  3040 | D:5      | Reached skill level 6 in Axes
  3114 | D:5      | Reached XP level 7. HP: 61/61 MP: 6/6
  3157 | D:5      | Found a glowing golden altar of the Shining One.
  3340 | D:5      | Found a white marble altar of Elyvilon.
  3409 | D:5      | Reached skill level 1 in Throwing
  3436 | D:5      | Found a basalt altar of Yredelemnul.
  3549 | D:5      | Found a shimmering altar of Xom.
  3832 | D:6      | Reached skill level 7 in Axes
  3885 | D:6      | Reached XP level 8. HP: 70/70 MP: 7/7
  4252 | D:6      | Found Riholiy's Armour Boutique.
  4610 | D:7      | Found an ancient bone altar of Kikubaaqudgha.
  4659 | D:7      | Found a staircase to the Ecumenical Temple.
  4670 | D:7      | Reached skill level 8 in Axes
  4703 | Temple   | Entered the Ecumenical Temple
  4720 | Temple   | Became a worshipper of Warmaster Okawaru
  4763 | D:7      | Found Vyag's Jewellery Shop.
  4910 | D:7      | Found a runed translucent door.
  4911 | D:7      | Noticed Crazy Yiuf
  4915 | D:7      | Killed Crazy Yiuf
  5179 | D:7      | Noticed a slime creature
  5186 | D:7      | Killed a slime creature
  5187 | D:7      | Reached XP level 9. HP: 79/79 MP: 8/8
  5203 | D:7      | Reached skill level 9 in Axes
  5203 | D:7      | Reached * piety under Okawaru
  5640 | D:8      | Noticed Maggie
  5651 | D:8      | Killed Maggie
  5796 | D:8      | Reached skill level 10 in Axes
  6125 | D:8      | Reached ** piety under Okawaru
  6399 | D:8      | Found an opulent altar of Gozag.
  6503 | D:8      | Reached XP level 10. HP: 78/87 MP: 9/9
  6731 | D:8      | Found a hide-covered altar of Uskayaw.
  6800 | D:9      | Noticed a two-headed ogre
  6814 | D:9      | Reached skill level 5 in Throwing
  6818 | D:9      | Reached skill level 11 in Axes
  6818 | D:9      | Killed a two-headed ogre
  6820 | D:9      | Reached *** piety under Okawaru
  7218 | D:9      | Found Unenok's Armour Shop.
  7631 | D:9      | Found a staircase to the Lair.
  7820 | D:9      | HP: 2/91 [orc priest/+0 trident (7)]
  8503 | D:10     | Entered Level 10 of the Dungeon
  8510 | D:10     | Noticed Maurice
  8535 | D:10     | Killed Maurice
  8546 | D:10     | Reached skill level 12 in Axes
  8629 | D:10     | Reached **** piety under Okawaru
  8630 | D:10     | Reached XP level 11. HP: 20/97 MP: 10/10
  8923 | D:9      | Identified a scroll of acquirement
  8923 | D:9      | Acquired 591 gold pieces
  9345 | Lair:1   | Entered Level 1 of the Lair of Beasts
  9489 | Lair:1   | Noticed Gastronok
  9502 | Lair:1   | Killed Gastronok
  9502 | Lair:1   | Reached ***** piety under Okawaru
  9502 | Lair:1   | Received a gift from Okawaru
  9523 | Lair:1   | Reached skill level 13 in Axes
  9719 | Lair:1   | Reached skill level 10 in Fighting
  9723 | Lair:1   | Reached skill level 10 in Armour
  9804 | Lair:1   | Reached skill level 10 in Shields
  9806 | Lair:1   | Noticed a death yak
  9806 | Lair:1   | Noticed a death yak
  9806 | Lair:1   | Noticed a death yak
  9807 | Lair:1   | Noticed a death yak
  9818 | Lair:1   | Killed a death yak
  9820 | Lair:1   | Killed a death yak
  9822 | Lair:1   | Slain by a death yak

Illustrated notes

Levels and vault maps discovered:
D:1:      onia_arrival_handbag, layout_rooms, ebering_ecumenical_altar_abandoned
D:2:      layout_loops_corners, hangedman_decor_push
D:3:      layout_basic, ebering_ghost_rock_garden, serial_bayou_pond_e,
          small_statue_alley_b, minmay_misc_feat_x, minmay_pentomino_pile
D:4:      layout_basic, nicolae_hepliaklqana_hazy_memory, serial_shops,
          nicolae_shop_bloodbath_and_beyond, minivault_19
D:5:      layout_basic, kennysheep_ying_yang, tgw_xom,
          mainiacjoe_overflow_surrounded_room
D:6:      layout_gridville, serial_shops, shop, kennysheep_generic_room_11
D:7:      minmay_opposing_rooms, layout_basic, kiku_gazebo_pond_becter,
          temple_statues, serial_shops, shop, uniq_crazy_yiuf_cottage
D:8:      layout_loops_cross, mainiacjoe_overflow_chevrons,
          mainiacjoe_overflow_boulevard, serial_bayou_pond_c,
          hangedman_decor_riveting, uniq_maggie
D:9:      layout_layer_cave, grunt_lair_entry_orc_guard_hut, serial_shops, shop
D:10:     layout_rooms, serial_park_tiny_1, uniq_maurice
Temple:   eino_temple_lava
Lair:1:   layout_cave_pods, eino_small_chamber_without_monster,
          grunt_megastairs_3, uniq_gastronok

Skill      XL: |  1  2  3  4  5  6  7  8  9 10 11 |
---------------+----------------------------------+-----
Axes           | 3 4 5 6 7 8 10 12 13 | 13.7
Fighting       | 4 5 6 7 8 9 10 | 10.3
Shields        | 4 5 6 8 9 10 | 10.2
Armour         | 4 5 6 7 8 9 10 | 10.3
Throwing       | 1 3 4 6 7 |  7.1

Action                   |  1- 3 |  4- 6 |  7- 9 | 10-12 || total
-------------------------+-------+-------+-------+-------++-------
Melee: War axe           |    80 |    56 |       |       ||   136
       Headbutt          |     9 |     7 |    26 |    27 ||    69
       Broad axe         |       |     7 |   149 |   211 ||   367
Throw: Boomerang         |       |       |       |     6 ||     6
Invok: Heroism           |       |       |       |     8 ||     8
  Use: Scroll            |     2 |     7 |     7 |     8 ||    24
       Potion            |       |       |       |     4 ||     4
Armor: Scale mail        |    36 |    11 |       |       ||    47
       Plate armour      |       |     8 |    90 |   172 ||   270
Dodge: Dodged            |    54 |    36 |    98 |   160 ||   348
Block: Buckler           |    27 |    12 |    64 |    91 ||   194

Table legend: (Time is in decaauts)
 A = Elapsed time spent in this place.
 B = Non-inter-level travel time spent in this place.
 C = Inter-level travel time spent in this place.
 D = Time resting spent in this place.
 E = Time spent auto-exploring this place.
 F = Levels seen in this place.
 G = Mean time per level.
                   A        B        C        D        E       F      G
               +--------+--------+--------+--------+--------+-----+--------+
         Total |   9914 |   9755 |    159 |    932 |   6147 |  12 |  826.2 |
       Dungeon |   9392 |   9234 |    158 |    932 |   5861 |  10 |  939.2 |
        Temple |     50 |     50 |      0 |      0 |      3 |   1 |   50.0 |
          Lair |    471 |    471 |      0 |      0 |    283 |   1 |  471.0 |
               +--------+--------+--------+--------+--------+-----+--------+

Top non-repeatable levels by time:
     D:9: 1958 daAuts
     D:8: 1165 daAuts
     D:2: 1137 daAuts
     D:3: 1062 daAuts
     D:7: 999 daAuts
     D:6: 841 daAuts
     D:5: 744 daAuts
    D:10: 601 daAuts
     D:1: 517 daAuts
  Lair:1: 471 daAuts
     D:4: 364 daAuts
  Temple: 50 daAuts
